 Dungeon Crawl Stone Soup version 0.32-a0-799-g95e1662365 (webtiles) character file.

Game seed: 1563112990701400339

102 Orlauf the Trooper (level 4, -4/37 HPs)
             Began as a Demonspawn Gladiator on Mar 21, 2024.
             Incinerated by a bombardier beetle (6 damage)
             ... with a burning spray
             ... on level 3 of the Dungeon.
             The game lasted 00:02:53 (2099 turns).

Orlauf the Trooper (Demonspawn Gladiator)           Turns: 2099, Time: 00:02:54

Health: -4/37      AC:  6    Str: 16    XL:     4   Next: 49%
Magic:  4/4        EV: 10    Int:  9    God:
Gold:   140        SH:  0    Dex: 14    Spells: 3/3 levels left

rFire   . . .        a - +0 trident
rCold   + . .        (no shield)
rNeg    . . .        l - +0 ring mail
rPois   .            c - +0 helmet
rElec   .            (no cloak)
rCorr   .            (no gloves)
SInv    .            (no boots)
Will    .....        (no amulet)
Stlth   +            i - ring of protection from cold
HPRegen 0.26/turn    (no ring)
MPRegen 0.09/turn

%: no passive effects
@: on fire, glowing
A: powered by pain 1, demonic touch 1
a: no special abilities


You were on level 3 of the Dungeon.
You visited 1 branch of the dungeon, and saw 3 of its levels.

You collected 140 gold pieces.

Inventory:

Hand Weapons
 a - a +0 trident (weapon)
Missiles
 d - 2 throwing nets (quivered)
 e - a javelin
Armour
 c - a +0 helmet (worn)
 l - a +0 ring mail (worn)
Jewellery
 b - a ring of fire
 i - a ring of protection from cold (left hand)
Wands
 h - a wand of polymorph (13)
Scrolls
 f - 3 scrolls of identify
Potions
 k - a potion of attraction


   Skills:
 * Level 4.0 Fighting
 + Level 3.5 Polearms
 - Level 1.7 Throwing
 - Level 2.6 Dodging


You had 3 spell levels left.
You didn't know any spells.
Your spell library contained the following spells:

 Spells                   Type           Power      Damage    Failure   Level
 Ensorcelled Hibernation  Hex/Ice        0%         N/A       75%         2
 Passwall                 Erth           0%         N/A       93%         3
 Swiftness                Air            0%         N/A       93%         3


Dungeon Overview and Level Annotations

Branches:
Dungeon (3/15)

Altars:


Innate Abilities, Weirdness & Mutations

You sometimes gain a little power by taking damage.
Your touch may inflict minor irresistible damage on your foes.


Message History

You feel much better. The liquid fire burns you!
You shake off some of the fire as you move.
The liquid fire burns you!
A quokka comes into view.
The bombardier beetle struggles against the net.
Reach: a) +0 trident
Press: ? - help, Dir - move target, f/p - bombardier beetle
Aim: a bombardier beetle (heavily wounded, entangled in a net, about 7% to evade your +0 trident)
You reach to attack!
You hit the bombardier beetle.
The bombardier beetle is severely wounded.
The liquid fire burns you!
The bombardier beetle struggles against the net.
Reach: a) +0 trident
Press: ? - help, Dir - move target, f/p - bombardier beetle
Aim: a bombardier beetle (severely wounded, entangled in a net, about 7% to evade your +0 trident)
You reach to attack!
You hit the bombardier beetle.
The bombardier beetle is almost dead.
The liquid fire burns you!
* * * LOW HITPOINT WARNING * * *
Reach: a) +0 trident
Press: ? - help, Dir - move target, f/p - bombardier beetle
Aim: a bombardier beetle (almost dead, entangled in a net, about 7% to evade your +0 trident)
You reach to attack!
You hit the bombardier beetle but do no damage.
The bombardier beetle is almost dead.
The liquid fire burns you!
* * * LOW HITPOINT WARNING * * *
The bombardier beetle sprays incendiary fluid at you.
The burning spray hits you.
You are even more covered in liquid fire!
The bombardier beetle struggles against the net.
Reach: a) +0 trident
Press: ? - help, Dir - move target, f/p - bombardier beetle
Aim: a bombardier beetle (almost dead, entangled in a net, about 7% to evade your +0 trident)
You reach to attack!
You hit the bombardier beetle but do no damage.
The bombardier beetle is almost dead.
The liquid fire burns you!
You die...

########
#......## ..
##....... .
.#.......####.#
.....#.B....#.#
.....#........#
..#.r..@....###
............###
..#...........#
..#...#....####
#.........##
..#...###.# #
###.#.###.# ..
#.#.#...# .#
#.#.#...#..#


You could see a bombardier beetle (caught) and a quokka.

Vanquished Creatures
  A bombardier beetle (D:3)
  2 adders
  2 dart slugs
  2 ribbon worms
  5 bats
  2 endoplasms (D:1)
  2 goblins
  3 hobgoblins
  6 jackals
  3 ball pythons (D:1)
  6 frilled lizards
  2 kobolds (D:2)
  2 rats
38 creatures vanquished.

Notes
Turn   | Place    | Note
-------+----------+-------------------------------------------
     0 | D:1      | Orlauf the Demonspawn Gladiator began the quest for the
                  | Orb.
     0 | D:1      | Reached XP level 1. HP: 16/16 MP: 1/1
    32 | D:1      | You fall into a shaft and drop 1 floor!
   100 | D:2      | Gained mutation: You sometimes gain a little power by
                  | taking damage. [demonic ancestry]
   100 | D:2      | Reached XP level 2. HP: 13/23 MP: 2/2
   433 | D:1      | Reached skill level 3 in Fighting
   494 | D:1      | Reached XP level 3. HP: 28/29 MP: 3/3
  2069 | D:3      | Reached skill level 4 in Fighting
  2069 | D:3      | Gained mutation: Your touch may inflict minor irresistible
                  | damage on your foes. [demonic ancestry]
  2069 | D:3      | Reached XP level 4. HP: 37/37 MP: 4/4
  2093 | D:3      | HP: 1/37 [burnt (3)]
  2098 | D:3      | HP: 1/37 [burnt (6)]
  2099 | D:3      | Incinerated by a bombardier beetle

Illustrated notes

Levels and vault maps discovered:
D:1:      minmay_arrival_widening_spiral_wide, layout_basic,
          minmay_misc_feat_doors
D:2:      layout_loops_corners
D:3:      layout_basic

Skill      XL: |  1  2  3 |
---------------+----------+-----
Polearms       | 3 |  3.5
Fighting       | 3 4 |  4.0
Throwing       | |  1.7
Dodging        | |  2.6

Action                     |  1- 3 |  4- 6 || total
---------------------------+-------+-------++-------
  Melee: Trident           |   147 |    12 ||   159
         Touch             |       |     1 ||     1
  Throw: Throwing net      |       |     1 ||     1
    Use: Scroll            |     6 |       ||     6
         Potion            |       |     1 ||     1
   Stab: Sleeping          |     1 |       ||     1
 Armour: Leather armour    |    24 |       ||    24
         Ring mail         |    47 |     2 ||    49
  Dodge: Dodged            |    67 |     1 ||    68

Table legend: (Time is in decaauts)
 A = Elapsed time spent in this place.
 B = Non-inter-level travel time spent in this place.
 C = Inter-level travel time spent in this place.
 D = Time resting spent in this place.
 E = Time spent auto-exploring this place.
 F = Levels seen in this place.
 G = Mean time per level.
                   A        B        C        D        E       F      G
               +--------+--------+--------+--------+--------+-----+--------+
         Total |   2119 |   2028 |     91 |     35 |   1660 |   3 |  706.3 |
       Dungeon |   2119 |   2028 |     91 |     35 |   1660 |   3 |  706.3 |
               +--------+--------+--------+--------+--------+-----+--------+

Top non-repeatable levels by time:
     D:1: 930 daAuts
     D:2: 878 daAuts
     D:3: 311 daAuts
